 Dungeon Crawl Stone Soup version 0.20.0-8-g6b59dc7 (webtiles) character file.

4905 Jannitor the Fighter (level 10, -2/102 HPs)
             Began as a Gargoyle Fighter on May 30, 2017.
             Was a Priest of the Shining One.
             Slain by an ogre
             ... wielding a +0 giant spiked club
              (15 damage)
             ... on level 10 of the Dungeon.
             The game lasted 00:15:48 (8241 turns).

Jannitor the Fighter (Gargoyle Fighter)             Turns: 8241, Time: 00:15:49

Health: -2/102     AC: 19    Str: 28    XL:     10   Next: 51%
Magic:  11/12      EV:  6    Int:  9    God:    the Shining One [***...]
Gold:   295        SH: 28    Dex:  9    Spells: 9/9 levels left

rFire    . . .     SeeInvis +   s - +1 morningstar
rCold    + . .     Gourm    +   q - +3 large shield
rNeg     + + .     Faith    .   b - +0 scale mail
rPois    ∞         Spirit   .   w - +0 helmet {SInv}
rElec    +         Reflect  .   z - +0 cloak
rCorr    .         Harm     .   p - +0 pair of gloves
MR       +....                  (no boots)
Stlth    ..........             H - amulet of the gourmand
Regen    0.3/turn               j - ring of protection from magic
MPRegen  0.2/turn               k - ring of protection from cold

@: berserking, divine shield, hasted, glowing, very quick
A: negative energy resistance 1, electricity resistance, unbreathing,
petrification resistance, rot immunity, AC +7
a: Divine Shield, Renounce Religion


You were on level 10 of the Dungeon.
You worshipped the Shining One.
The Shining One was most pleased with you.
You were not hungry.

You visited 1 branch of the dungeon, and saw 10 of its levels.

You collected 632 gold pieces.
You spent 337 gold pieces at shops.

Inventory:

Hand Weapons
 a - a +0 flail
 s - a +1 morningstar (weapon)
 D - a +2 flail of holy wrath
Armour
 b - a +0 scale mail (worn)
 c - a +0 shield
 p - a +0 pair of gloves (worn)
 q - a +3 large shield (worn)
 w - a +0 helmet of see invisible (worn)
 z - a +0 cloak (worn)
 I - a +2 helmet
Jewellery
 j - a ring of protection from magic (left hand)
 k - a ring of protection from cold (right hand)
 y - an uncursed ring of protection from magic
 H - an amulet of the gourmand (around neck)
Wands
 u - a wand of iceblast (8/15)
 B - a wand of digging (8/24)
 G - a wand of lightning (4/15)
 J - a wand of confusion (20/48)
Scrolls
 d - 3 scrolls of enchant armour
 e - 7 scrolls of remove curse
 h - 9 scrolls of identify
 i - 2 scrolls of teleportation
 m - 2 scrolls of amnesia
 A - a scroll of enchant weapon
 C - 2 scrolls of fear
Potions
 g - 2 potions of brilliance {unknown}
 o - 2 potions of cancellation {unknown}
 r - a potion of berserk rage
 t - a potion of mutation {unknown}
 v - a potion of might
 E - a potion of degeneration {unknown}
 F - a potion of agility {unknown}
Comestibles
 f - 6 bread rations
 l - 2 meat rations
 n - 3 royal jellies


   Skills:
 * Level 10.8 Fighting
 + Level 7.0 Maces & Flails
 + Level 8.0 Armour
 + Level 7.6 Shields
 + Level 3.2 Invocations


You had 9 spell levels left.
You didn't know any spells.

Dungeon Overview and Level Annotations

Branches:
Dungeon (10/15)            Temple (0/1) D:7
   Lair: D:8-11         Orc: D:9-12

Altars:
Ashenzari
Cheibriados
Elyvilon
Fedhas
Hepliaklqana
Kikubaaqudgha
Makhleb
Trog
Uskayaw
The Shining One

Shops:
D:5 :*%[

Annotations:
D:6 1 runed door


Innate Abilities, Weirdness & Mutations

You are resistant to torment.
Your stone body is resilient. (AC +7)
You are immune to poison.
You resist negative energy. (rN+)
You are resistant to electric shocks. (rElec)
You can survive without breathing.
You are immune to petrification.
You are immune to rotting.


Message History

You climb downwards.
Found a box of beasts.
There is a stone staircase leading up here.
You eat one of the 3 meat rations.
That meat ration really hit the spot!
An ogre comes into view. It is wielding a giant spiked club.
There is a stone staircase leading up here.
A necrophage comes into view.
You sock the necrophage!
The necrophage is heavily damaged.
You hit the necrophage but do no damage.
The necrophage is heavily damaged.
You block the necrophage's attack.
You hit the necrophage.
The necrophage is severely damaged.
You block the necrophage's attack.
A red film seems to cover your vision as you go berserk!
You feel yourself moving faster!
You feel mighty! You block the necrophage's attack.
The ogre hits you with a giant spiked club!
You die...

# ##.
#######
....##.....#
......n@###
.......O..#
........#.#
....####.#.#
.......<####
....####.#.#
# ##O#
........#
........}


You could see an ogre and a necrophage.

Vanquished Creatures
  A gargoyle (D:6)
  A hornet (D:7)
  A hungry ghost (D:8)
  Edmund (D:5)
  Duvessa (D:7)
  2 water moccasins
  An orc warrior (D:8)
  An ice beast (D:6)
  2 sky beasts
  2 phantoms
  3 ogres
  4 centaurs
  4 bullfrogs
  A wyvern zombie (D:7)
  A gnoll sergeant (D:7)
  Dowan (D:7)
  4 scorpions
  2 killer bees
  9 howler monkeys
  4 wights (D:6)
  3 crimson imps
  2 bullfrog zombies
  A centaur zombie (D:6)
  A jelly (D:8)
  3 centaur skeletons
  2 orc priests (D:3)
  8 hounds
  9 orc wizards
  A bullfrog skeleton (D:7)
  2 iguanas (D:8)
  9 worker ants
  A killer bee zombie (D:8)
  A hound zombie (D:7)
  A howler monkey skeleton (D:4)
  6 gnolls
  11 adders
  A shadow imp (D:6)
  2 oozes
  2 adder skeletons
  4 worms (D:2)
  A dart slug (D:1)
  3 leopard geckos
  17 orcs
  11 giant cockroaches
  7 goblins
  5 hobgoblins
  11 jackals
  5 quokkas
  5 ball pythons
  7 bats
  10 frilled lizards
  2 jackal zombies
  8 kobolds
  A leopard gecko skeleton (D:5)
  9 rats
218 creatures vanquished.

Notes
Turn   | Place    | Note
-------+----------+-------------------------------------------
     0 | D:1      | Jannitor the Gargoyle Fighter began the quest for the Orb.
     0 | D:1      | Reached XP level 1. HP: 14/14 MP: 1/1
   160 | D:1      | Reached XP level 2. HP: 17/19 MP: 2/2
   604 | D:1      | Reached XP level 3. HP: 23/24 MP: 3/3
  1022 | D:2      | Reached skill level 4 in Fighting
  1348 | D:2      | Found a hide-covered altar of Uskayaw.
  1348 | D:2      | Found a glowing golden altar of the Shining One.
  1348 | D:2      | Found a hazy altar of Hepliaklqana.
  1348 | D:2      | Found a shattered altar of Ashenzari.
  1353 | D:2      | Became a worshipper of the Shining One
  1372 | D:2      | Found a bloodstained altar of Trog.
  1530 | D:2      | Reached XP level 4. HP: 26/29 MP: 4/4
  1868 | D:3      | Found a blossoming altar of Fedhas.
  2178 | D:3      | Found a white marble altar of Elyvilon.
  2281 | D:3      | Reached XP level 5. HP: 16/34 MP: 5/5
  2686 | D:3      | Reached skill level 5 in Fighting
  3109 | D:4      | Reached XP level 6. HP: 40/40 MP: 6/6
  3119 | D:4      | Reached * piety under the Shining One
  3464 | D:4      | Found an ancient bone altar of Kikubaaqudgha.
  3844 | D:4      | Reached skill level 6 in Fighting
  3844 | D:4      | Reached XP level 7. HP: 38/46 MP: 7/7
  4066 | D:4      | Found a burning altar of Makhleb.
  4186 | D:5      | Entered Level 5 of the Dungeon
  4217 | D:5      | Reached skill level 5 in Armour
  4374 | D:5      | Found Loam's Armour Shop.
  4377 | D:5      | Bought a +0 helmet of see invisible for 172 gold pieces
  4567 | D:5      | Found Ahuolam's Food Shop.
  4611 | D:5      | Noticed Edmund
  4616 | D:5      | Killed Edmund
  4686 | D:5      | Reached skill level 5 in Shields
  4713 | D:5      | Found Xatextul's Book Shoppe.
  4726 | D:5      | Found Cusaxtuxed's Assorted Antiques.
  4734 | D:5      | Reached XP level 8. HP: 46/52 MP: 8/8
  4740 | D:5      | Bought a scroll labeled ELOETI ECOA for 33 gold pieces
  4740 | D:5      | Bought a scroll labeled RYFIES PEPIPA for 33 gold pieces
  4740 | D:5      | Bought a scroll labeled FENEWO VIWKEO for 33 gold pieces
  4740 | D:5      | Bought a scroll labeled PENANU XUNG for 33 gold pieces
  4740 | D:5      | Bought a scroll labeled OBUPESKOUPO for 33 gold pieces
  4916 | D:5      | Reached skill level 7 in Fighting
  5202 | D:6      | Reached skill level 5 in Maces & Flails
  5389 | D:6      | Reached ** piety under the Shining One
  5394 | D:6      | Reached skill level 8 in Fighting
  5413 | D:6      | Found a runed door.
  5452 | D:6      | Found a runed door.
  5669 | D:6      | Noticed a gargoyle
  5674 | D:6      | Reached XP level 9. HP: 59/60 MP: 9/9
  5683 | D:6      | Killed a gargoyle
  5812 | D:6      | Reached skill level 9 in Fighting
  5938 | D:6      | Found a snail-covered altar of Cheibriados.
  6125 | D:6      | Reached skill level 1 in Invocations
  6211 | D:7      | Noticed a hornet
  6212 | D:7      | Noticed Dowan
  6215 | D:7      | Noticed Duvessa
  6225 | D:7      | Killed a hornet
  6232 | D:7      | Killed Duvessa
  6238 | D:7      | Killed Dowan
  6485 | D:7      | Found a staircase to the Ecumenical Temple.
  6532 | D:7      | Reached skill level 10 in Fighting
  6532 | D:7      | Reached XP level 10. HP: 68/68 MP: 11/11
  6606 | D:7      | Reached *** piety under the Shining One
  7786 | D:8      | Found a hazy altar of Hepliaklqana.
  8201 | D:9      | Noticed a two-headed ogre
  8228 | D:10     | Entered Level 10 of the Dungeon
  8241 | D:10     | Slain by an ogre

Skill      XL: |  1  2  3  4  5  6  7  8  9 10 |
---------------+-------------------------------+-----
Fighting       | 4 5 6 8 10 | 10.8
Maces & Flails | 3 4 5 6 7 |  7.0
Shields        | 4 5 6 7 |  7.6
Armour         | 4 5 6 7 8 |  8.0
Invocations    | 2 3 |  3.2

Action                   |  1- 3 |  4- 6 |  7- 9 | 10-12 || total
-------------------------+-------+-------+-------+-------++-------
Melee: Flail             |   149 |   230 |    20 |       ||   399
       Morningstar       |       |       |   239 |   184 ||   423
Invok: Divine Shield     |       |       |       |     1 ||     1
  Use: Potion            |       |     3 |       |     2 ||     5
       Scroll            |       |       |    14 |       ||    14
  Eat: Chunk             |     2 |     7 |    10 |     5 ||    24
       Meat ration       |       |       |       |     1 ||     1
Armor: Scale mail        |    72 |   121 |   127 |   118 ||   438
Dodge: Dodged            |    42 |    65 |    51 |    32 ||   190
Block: Shield            |    70 |   131 |    29 |       ||   230
       Large shield      |       |       |   273 |   253 ||   526
